 Dungeon Crawl Stone Soup version 0.22-a0-252-gcace5d2 (webtiles) character file.

9445 4thArraOfDagon the Arsonist (level 11, -9/67 HPs)
             Began as an Octopode Fire Elementalist on Mar 2, 2018.
             Was an Elder of Vehumet.
             Mangled by a tengu warrior
             ... wielding a +2 great sword of holy wrath
             ... led by a tengu warrior
              (20 damage)
             ... on level 13 of the Dungeon.
             The game lasted 00:37:42 (7596 turns).

4thArraOfDagon the Arsonist (OpFE)                  Turns: 7596, Time: 00:37:43

Health: -9/67      AC:  3    Str:  9    XL:     11   Next: 46%
Magic:  14/22      EV: 13    Int: 21    God:    Vehumet [****..]
Gold:   180        SH:  0    Dex: 13    Spells: 12/25 levels left

rFire    + . .     SeeInvis +   v - +1 trident (vamp)
rCold    . . .     Gourm    .   (no shield)
rNeg     . . .     Faith    .   (helmet restricted)
rPois    .         Spirit   .   (no amulet)
rElec    +         Reflect  .   z - ring of see invisible
rCorr    .         Harm     .   F - ring of protection from fire
MR       .....                  (no ring)
Stlth    +++.......             (no ring)
HPRegen  0.21/turn              (no ring)
MPRegen  0.18/turn              (no ring)
                                (no ring)
                                (no ring)

@: no status effects
A: almost no armour, stealthy swim, amphibious, 8 rings, constrict 8, yellow
scales 1, camouflage 1, deterioration 1, robust 1, screaming 1, electricity
resistance, strong 1, gelatinous body 1, evolution 1
a: Renounce Religion


You were on level 13 of the Dungeon.
You worshipped Vehumet.
Vehumet was greatly pleased with you.
You were not hungry.

You visited 2 branches of the dungeon, and saw 15 of its levels.
You also visited: Ossuary.

You collected 540 gold pieces.
You spent 360 gold pieces at shops.

Inventory:

Hand Weapons
 d - a +0 short sword
 q - a +0 long sword
 r - a +0 broad axe
 v - a +1 vampiric trident (weapon)
Jewellery
 z - a ring of see invisible (left tentacle)
 F - a ring of protection from fire (right tentacle)
Wands
 p - a wand of clouds (1)
 w - a wand of acid (7)
 C - a wand of paralysis (7)
 E - a wand of flame (2)
Scrolls
 c - 2 scrolls of teleportation
 e - 3 scrolls of enchant armour
 m - a scroll of immolation
 o - a scroll of fog
 t - 2 scrolls of amnesia {unknown}
 u - 6 scrolls of remove curse {unknown}
 x - a scroll of noise {unknown}
 y - a scroll of fear {unknown}
 A - a scroll of random uselessness {unknown}
Potions
 a - 2 potions of curing
 f - 3 potions of berserk rage {unknown}
 g - a potion of invisibility
 h - 2 potions of flight {unknown}
 i - 5 potions of lignification {unknown}
 j - 2 potions of agility
 k - 2 potions of brilliance
 l - 4 potions of might
 s - a potion of haste
 B - 2 potions of degeneration {unknown}
 D - a potion of magic
Comestibles
 b - 11 rations


   Skills:
 - Level 2.0 Dodging
 - Level 2.6 Stealth
 + Level 7.5 Spellcasting
 * Level 11.1 Conjurations
 * Level 11.4 Fire Magic


You had 12 spell levels left.
You knew the following spells:

 Your Spells              Type           Power        Failure   Level  Hunger
a - Flame Tongue          Conj/Fire      #####        1%          1    None
b - Conjure Flame         Conj/Fire      ######..     1%          3    None
c - Sticky Flame          Conj/Fire      ######..     1%          4    ###....
d - Fireball              Conj/Fire      ######....   1%          5    #####..


Dungeon Overview and Level Annotations

Branches:
Dungeon (14/15)            Temple (1/1) D:6
   Lair: D:8-11         Orc: D:9-12      Vaults: D:13-14

Altars:
Ashenzari
Cheibriados
Dithmenos
Elyvilon
Gozag
Makhleb
Okawaru
Qazlal
Uskayaw
Vehumet
Wu Jian
Xom
Yredelemnul
Zin
The Shining One

Shops:
D:11 [!*

Annotations:
D:9 Prince Ribbit
D:10 exclusion: upstairs


Innate Abilities, Weirdness & Mutations

You cannot wear most types of armour.
You are very stealthy in the water. (Stealth+)
You are amphibious.
You can wear up to eight rings at the same time.
You can use your tentacles to constrict eight enemies at once.
Your skin changes colour to match your surroundings (Stealth+).
Your rubbery body absorbs attacks. (AC +1, EV +1)
You are partially covered in yellow scales. (AC +2)
Your body sometimes deteriorates upon taking damage.
You are robust. (+10% HP)
You occasionally shout uncontrollably at your foes.
You are resistant to electric shocks. (rElec)
Your muscles are strong. (Str +2)
You evolve.


Message History

You hear a sizzling sound!
The tengu warrior burns!
The tengu warrior unwields an uncursed arbalest.
The tengu warrior wields an uncursed great sword of holy wrath.
It softly glows with a divine radiance!
The tengu warrior hits you with an uncursed great sword of holy wrath!!
* * * LOW HITPOINT WARNING * * *
The tengu warrior pecks you.
* * * LOW HITPOINT WARNING * * *
The tengu warrior claws you.
* * * LOW HITPOINT WARNING * * *
Unknown command.
Throwing (i - inventory)
G - a throwing net (quivered)
Press: ? - help, Shift-Dir - straight line, f/p - tengu warrior
Aim: a tengu warrior, wielding a great sword of holy wrath and wearing a ring mail (moderately wounded, covered in liquid flames)
You throw a throwing net.
The throwing net closely misses the tengu warrior.
The tengu warrior burns!
The tengu warrior hits you with an uncursed great sword of holy wrath!!
You die...

#......##..#.#.##.#
#......##......##.#
#......##.........#
#......##....######
#......##.####
#......##.#
#......##.#
#########.# #@#
#....§Q§..#
#..§§§§...#
#.§§§§§...#
#.§§§§....#
#.§§§§....#
#######.... ####.#


You could see a tengu warrior (burning).

Vanquished Creatures
  Snorg (D:12)
  A hydra (D:12)
  A two-headed ogre (D:13)
  A tengu warrior (D:13)
  A skeletal warrior (D:12)
  An unseen horror (D:12)
  An ugly thing (D:13)
  2 cyclopes
  A manticore (D:12)
  A shadow (D:12)
  A water elemental (D:11)
  Grum (D:10)
  A water moccasin (D:7)
  A sky beast (D:12)
  A black bear (D:12)
  An orc warrior (D:7)
  An ice beast (D:7)
  4 phantoms
  4 wolves (D:10)
  A centaur (D:7)
  2 big kobolds
  2 bullfrogs
  An elf zombie (Ossuary)
  A wyvern zombie (D:7)
  A gnoll sergeant (D:12)
  4 scorpions
  8 wights (D:12)
  2 howler monkeys
  An electric eel (D:11)
  2 jellies
  4 crimson imps
  4 orc priests
  4 bullfrog skeletons
  4 hounds
  7 orc wizards
  2 iguanas
  7 worker ants
  A big kobold zombie (Ossuary)
  A hound zombie (Ossuary)
  A hound skeleton (D:5)
  5 mummies
  Robin (D:3)
  14 gnolls
  11 adders
  3 shadow imps
  An ooze (D:1)
  3 adder skeletons
  An adder zombie (D:5)
  3 worms
  A dart slug (D:3)
  5 leopard geckos
  37 orcs
  6 bats
  5 giant cockroaches
  13 goblins
  6 hobgoblins
  17 jackals
  5 quokkas
  4 ball pythons
  3 frilled lizards
  3 goblin zombies (Ossuary)
  A hobgoblin zombie (Ossuary)
  3 jackal zombies
  9 kobolds
  2 kobold zombies (Ossuary)
  A leopard gecko zombie (D:5)
  A quokka skeleton (D:5)
  6 rats
256 creatures vanquished.

Notes
Turn   | Place    | Note
-------+----------+-------------------------------------------
     0 | D:1      | 4thArraOfDagon the Octopode Fire Elementalist began the quest for the Orb.
     0 | D:1      | Reached XP level 1. HP: 11/11 MP: 3/3
    83 | D:1      | Reached XP level 2. HP: 17/17 MP: 3/5
   294 | D:2      | Reached XP level 3. HP: 21/21 MP: 2/6
   299 | D:2      | Learned a level 3 spell: Conjure Flame
   408 | D:3      | Noticed Robin
   481 | D:4      | :O
   503 | D:4      | Found a sand-covered staircase.
   508 | Ossuary  | Entered an ossuary
   509 | Ossuary  | :/
   558 | Ossuary  | Reached XP level 4. HP: 7/27 MP: 0/7
   665 | Ossuary  | Reached XP level 5. HP: 10/31 MP: 0/9
   940 | Ossuary  | Learned a level 4 spell: Sticky Flame
  1006 | D:5      | Entered Level 5 of the Dungeon
  1012 | D:5      | Reached XP level 6. HP: 26/36 MP: 4/10
  1051 | D:5      | Noticed a phantom
  1117 | D:6      | Reached skill level 5 in Fire Magic
  1246 | D:6      | Found a staircase to the Ecumenical Temple.
  1254 | Temple   | Entered the Ecumenical Temple
  1270 | Temple   | Became a worshipper of Vehumet
  1306 | D:6      | Reached XP level 7. HP: 27/41 MP: 1/12
  1685 | D:6      | Found a stormy altar of Qazlal.
  1923 | D:6      | Reached skill level 5 in Conjurations
  2039 | D:5      | Learned a level 5 spell: Fireball
  2422 | D:4      | Reached * piety under Vehumet
  2422 | D:4      | Offered knowledge of Sandblast by Vehumet.
  2513 | D:3      | Reached XP level 8. HP: 12/46 MP: 11/14
  3774 | D:3      | Reached ** piety under Vehumet
  3782 | D:3      | Offered knowledge of Searing Ray by Vehumet.
  3810 | D:3      | Killed Robin
  4254 | D:5      | Offered knowledge of Ignite Poison by Vehumet.
  4460 | D:5      | Found a snail-covered altar of Cheibriados.
  4781 | D:7      | Found a glowing silver altar of Zin.
  4781 | D:7      | Found a white marble altar of Elyvilon.
  4782 | D:7      | Found a shimmering altar of Xom.
  4856 | D:7      | Reached *** piety under Vehumet
  5037 | D:7      | Found an ornate altar of the Wu Jian Council.
  5108 | D:7      | Reached XP level 9. HP: 38/51 MP: 11/16
  5143 | D:7      | Reached skill level 5 in Spellcasting
  5166 | D:7      | Offered knowledge of Throw Icicle by Vehumet.
  5188 | D:7      | Found a basalt altar of Yredelemnul.
  5744 | D:9      | Reached **** piety under Vehumet
  5755 | D:9      | Offered knowledge of Irradiate by Vehumet.
  5820 | D:9      | Noticed a two-headed ogre
  5842 | D:10     | Entered Level 10 of the Dungeon
  5873 | D:9      | Noticed Prince Ribbit
  5939 | D:10     | Noticed Grum
  5942 | D:10     | Killed Grum
  6100 | D:11     | Found Baloigh's Distillery.
  6117 | D:11     | Found Aluarrex's Pet Rocks.
  6117 | D:11     | Noticed a cyclops
  6129 | D:11     | Found Aruph's Armour Boutique.
  6148 | D:11     | Bought a potion of agility for 72 gold pieces
  6148 | D:11     | Bought a potion of mutation for 144 gold pieces
  6148 | D:11     | Bought a potion of magic for 144 gold pieces
  6148 | D:11     | Gained mutation: You are resistant to electric shocks. (rElec) [potion of mutation]
  6148 | D:11     | Gained mutation: You occasionally shout uncontrollably at your foes. [potion of mutation]
  6148 | D:11     | Gained mutation: You are agile. (Dex +2) [potion of mutation]
  6149 | D:11     | Lost mutation: You are agile. (Dex +2) [potion of mutation]
  6149 | D:11     | Gained mutation: Your muscles are strong. (Str +2) [potion of mutation]
  6149 | D:11     | Gained mutation: You are robust. (+10% HP) [potion of mutation]
  6149 | D:11     | Gained mutation: You evolve. [potion of mutation]
  6149 | D:11     | Gained mutation: You are partially covered in yellow scales. (AC +2) [potion of mutation]
  6195 | D:11     | Killed a cyclops
  6195 | D:11     | Reached XP level 10. HP: 56/61 MP: 4/18
  6372 | D:12     | Noticed a four-headed hydra
  6376 | D:12     | Killed a four-headed hydra
  6387 | D:12     | Noticed a cyclops
  6443 | D:12     | Noticed Snorg
  6474 | D:12     | HP: 1/61 [Snorg (22)]
  6481 | D:12     | Killed Snorg
  6481 | D:12     | Reached skill level 10 in Fire Magic
  6489 | D:12     | ol
  6551 | D:12     | Gained mutation: Your body sometimes deteriorates upon taking damage. [evolution]
  6590 | D:12     | Noticed a manticore
  6769 | D:13     | Noticed an unseen horror
  6777 | D:12     | Killed an unseen horror
  6777 | D:12     | Reached skill level 10 in Conjurations
  6837 | D:13     | Noticed a cyan ugly thing
  6840 | D:13     | Noticed a tengu warrior
  6854 | D:13     | Noticed a tengu warrior
  6856 | D:13     | Killed a tengu warrior
  6856 | D:13     | Reached XP level 11. HP: 60/67 MP: 7/21
  6858 | D:13     | Killed a cyan ugly thing
  6864 | D:13     | Noticed a two-headed ogre
  6865 | D:13     | Noticed a skeletal warrior
  6871 | D:13     | Noticed a skeletal warrior
  6871 | D:13     | Noticed a skeletal warrior
  6871 | D:13     | Noticed a skeletal warrior
  6871 | D:13     | Noticed a skeletal warrior
  6990 | D:12     | Killed a cyclops
  7362 | D:12     | Killed a skeletal warrior
  7431 | D:12     | Killed a manticore
  7519 | D:14     | Noticed a green ugly thing
  7520 | D:14     | Noticed a green ugly thing
  7522 | D:14     | Noticed a green ugly thing
  7554 | D:13     | Noticed a two-headed ogre
  7568 | D:13     | Killed a two-headed ogre
  7596 | D:13     | Mangled by a tengu warrior

Vault maps used:
D:1:      ncdulo_halloftheorcs, minmay_split_cup_large
D:2:      minmay_misc_feat_diagonals
D:3:      uniq_robin
D:4:      enter_ossuary_5, first_ration
D:5:      slow_altar_2
D:6:      lemuel_crystal_altar, temple_green
D:7:      nicolae_overflow_quartered_altars, yredelemnul_altar_generic
D:8:      hangedman_abyss_or_decor_passed, hangedman_little_slice_of_home,
          led_sif_pool, uniq_psyche
D:9:      cheibrodos_frozen_isle, lair_entry_dummy, abandoned_shop,
          minivault_23, uniq_prince_ribbit1, uniq_erica
D:10:     guppyfry_shop_venom, uniq_grum, uniq_maurice, uniq_joseph
D:11:     david_orc_5, serial_shops, nicolae_shop_crystal,
          nicolae_shop_window_shopping, shop, kennysheep_mini_moat,
          guppyfry_shop_earth
D:12:     uniq_snorg
D:13:     erik_vaults_2
D:14:     hangedman_decor_riveting
Temple:   eino_temple_rhombus
Ossuary:  ossuary_minmay_tomb_2a

Skill      XL: |  1  2  3  4  5  6  7  8  9 10 11 |
---------------+----------------------------------+-----
Conjurations   | 2 3 4 5 7 8 10 11 | 11.1
Fire Magic     | 4 5 6 7 9 10 11 | 11.4
Spellcasting   | 3 4 5 7 |  7.5
Dodging        | |  2.0
Stealth        | |  2.6

Action                   |  1- 3 |  4- 6 |  7- 9 | 10-12 || total
-------------------------+-------+-------+-------+-------++-------
Melee: Constrict         |     3 |     7 |    58 |     2 ||    70
       Unarmed           |     1 |       |       |       ||     1
       Short sword       |     8 |     8 |       |       ||    16
       Tentacles         |     1 |     5 |    30 |     2 ||    38
       Long sword        |       |    12 |    10 |       ||    22
       Broad axe         |       |       |    78 |       ||    78
       Trident           |       |       |   111 |     7 ||   118
Throw: Throwing net      |       |       |       |     3 ||     3
 Cast: Flame Tongue      |    25 |    38 |   167 |    70 ||   300
       Conjure Flame     |     2 |     3 |    12 |    15 ||    32
       Sticky Flame      |       |     2 |    23 |     9 ||    34
       Fireball          |       |       |     9 |    20 ||    29
Evoke: Wand              |       |       |     2 |    26 ||    28
  Use: Scroll            |     2 |     4 |     5 |     5 ||    16
       Potion            |       |       |     5 |       ||     5
 Stab: Sleeping          |       |     1 |    11 |       ||    12
       Paralysed         |       |       |       |     2 ||     2
  Eat: Chunk             |       |     2 |    17 |     6 ||    25
       Ration            |       |       |     3 |     2 ||     5
Armor: Skin              |     2 |     1 |    20 |     3 ||    26
Dodge: Dodged            |    20 |    13 |   164 |    32 ||   229
       Rpst.: Long sword |       |       |     3 |       ||     3

Table legend:
 A = Spawn XP
 B = Non-spawn XP
 C = Spawn XP percentage of total XP
 D = Spawn monster count
 E = Non-spawn monster count
 F = Spawn count percentage of total count
 G = Total turns spent on level
                    A         B        C        D         E        F      G
               +---------+---------+-------+---------+---------+-------+---------
         Total |       0 |   13493 |   0.0 |       0 |     256 |   0.0 |  7596
               +---------+---------+-------+---------+---------+-------+---------
           D:1 |       0 |      29 |   0.0 |       0 |      16 |   0.0 |   564
           D:2 |       0 |      37 |   0.0 |       0 |      10 |   0.0 |   793
           D:3 |       0 |     144 |   0.0 |       0 |      34 |   0.0 |   537
           D:4 |       0 |     271 |   0.0 |       0 |      21 |   0.0 |   545
           D:5 |       0 |     592 |   0.0 |       0 |      30 |   0.0 |   761
           D:6 |       0 |     641 |   0.0 |       0 |      25 |   0.0 |   939
           D:7 |       0 |     901 |   0.0 |       0 |      31 |   0.0 |   869
           D:8 |       0 |     243 |   0.0 |       0 |      10 |   0.0 |   221
           D:9 |       0 |     319 |   0.0 |       0 |       8 |   0.0 |   123
          D:10 |       0 |     639 |   0.0 |       0 |       5 |   0.0 |   205
          D:11 |       0 |    1017 |   0.0 |       0 |       7 |   0.0 |   318
          D:12 |       0 |    6011 |   0.0 |       0 |      39 |   0.0 |  1066
          D:13 |       0 |    2430 |   0.0 |       0 |       5 |   0.0 |   137
       Ossuary |       0 |     219 |   0.0 |       0 |      15 |   0.0 |   459
               +---------+---------+-------+---------+---------+-------+---------
